 Dungeon Crawl Stone Soup version 0.18.1-48-g4cf74bf (webtiles) character file.

2755 nikopol the Cleaver (level 9, 0/81 HPs)
             Began as a Minotaur Berserker on Sept 3, 2016.
             Was an Elder of Trog.
             Slain by a killer bee (2 damage)
             ... on level 7 of the Dungeon.
             The game lasted 00:14:43 (5350 turns).

nikopol the Cleaver (Minotaur Berserker)            Turns: 5350, Time: 00:14:44

Health: 0/81       AC: 12    Str: 22    XL:     9   Next: 41%
Magic:  8/8        EV: 14    Int:  4    God:    Trog [****..]
Gold:   393        SH:  0    Dex: 13    Spells: 0 memorised, 8 levels left

rFire  . . .     SeeInvis .     a - +2 hand axe (chop)
rCold  + . .     Gourm    .     t - +2 ring mail {rC+}
rNeg   . . .     Faith    .     (no shield)
rPois  .         Spirit   .     (helmet restricted)
rElec  .         Dismiss  +     (no cloak)
rCorr  +         Reflect  .     K - +2 pair of gloves
SustAt .         Harm     .     g - -1 pair of boots (curse)
MR     +....                    m - amulet of dismissal
Stlth  +.........               J - ring of protection from magic
                                B - ring of resist corrosion

@: lethally poisoned (0 -> -32), somewhat resistant to hostile enchantments,
very unstealthy
A: retaliatory headbutt, horns 2
a: Berserk, Trog's Hand, Brothers in Arms, Burn Spellbooks, Renounce Religion


You were on level 7 of the Dungeon.
You worshipped Trog.
Trog was greatly pleased with you.
You were not hungry.

You visited 1 branch of the dungeon, and saw 8 of its levels.

You collected 393 gold pieces.

Inventory:

Hand Weapons
 a - a +2 hand axe of chopping (weapon)
 q - a +0 hand axe
 z - a +0 shortbow
Missiles
 h - 109 arrows (quivered)
Armour
 b - a +0 animal skin
 f - a +0 ring mail
 g - a cursed -1 pair of boots (worn)
 j - a +0 leather armour
 t - a +2 ring mail of cold resistance (worn)
 v - a +0 pair of gloves
 K - a +2 pair of gloves (worn)
Jewellery
 m - an amulet of dismissal (around neck)
 B - a ring of resist corrosion (left hand)
 I - a cursed amulet of regeneration {unknown}
 J - a ring of protection from magic (right hand)
Scrolls
 d - 3 scrolls of enchant weapon {unknown}
 e - 4 scrolls of identify {unknown}
 i - 2 scrolls of magic mapping {unknown}
 n - a scroll of random uselessness {unknown}
 p - 2 scrolls of noise {unknown}
 r - 2 scrolls of enchant armour {unknown}
 y - 2 scrolls of remove curse {unknown}
 C - a scroll of recharging {unknown}
 F - 2 scrolls of fear {unknown}
 H - a scroll of teleportation {unknown}
Potions
 k - 3 potions of heal wounds {unknown}
 s - a potion of ambrosia {unknown}
 u - a potion of might {unknown}
 w - a potion of curing {unknown}
 x - a potion of mutation {unknown}
 A - a potion of berserk rage {unknown}
 D - a potion of flight {unknown}
 E - a potion of lignification {unknown}
 M - a potion of brilliance {unknown}
Books
 G - a book of the Earth

   Spells                             Type                      Level
   a - Leda's Liquefaction            Hexes/Earth                  4
   b - Bolt of Magma                  Conjuration/Fire/Earth       5
   c - Statue Form                    Transmutation/Earth          6
   d - Iron Shot                      Conjuration/Earth            6
   e - Shatter                        Earth                        9
   Trog disapproves of the use of such an item.
Comestibles
 c - 4 bread rations
 l - 3 meat rations
 o - 2 beef jerkies
 L - 3 fruits


   Skills:
 + Level 8.2 Fighting
 * Level 8.5 Axes
 * Level 3.8 Bows
 + Level 7.7 Armour
 + Level 7.0 Dodging


You had 8 spell levels left.
You didn't know any spells.

Dungeon Overview and Level Annotations

Branches:
Dungeon (8/15)             Temple (0/1) D:6            Lair (0/8) D:8

Altars:
Qazlal


Innate Abilities, Weirdness & Mutations

You reflexively headbutt those who attack you in melee.
You have a pair of horns on your head.


Message History

You feel sick. The killer bee stings you.
* * * LOW HITPOINT WARNING * * *
The killer bee closely misses you.
You hit the killer bee.
The killer bee is moderately wounded.
* * * LOW HITPOINT WARNING * * *
You feel sick.
The killer bee stings you but does no damage.
The killer bee stings you.
* * * LOW HITPOINT WARNING * * *
You are more poisoned.
The killer bee poisons you!
You closely miss the killer bee.
The killer bee is moderately wounded.
* * * LOW HITPOINT WARNING * * *
You feel sick. The killer bee stings you.
* * * LOW HITPOINT WARNING * * *
You are more poisoned.
The killer bee poisons you! The killer bee stings you.
You die...

#'#####........#.#
..# #######....#
#.# #.#..#
########## #.#..#
.........# #.#..#
.#######.####.#..#
.#.....#......#).#
.#.###.########y.#
##.# #..........@#
#)# #############
##.#######
...)...).#
.........#
.).......#
.†.......#
...†...=.#
.........#


You could see a killer bee.

Vanquished Creatures
  An elephant (D:8)
  Grinder (D:3)
  Sigmund (D:3)
  A phantom (D:5)
  A wasp (D:5)
  A sky beast (D:6)
  2 ogres
  2 centaurs (D:6)
  A crocodile (D:8)
  The ghost of Allar the Magician, an amateur GrWz (D:3)
  4 giant frogs
  2 wyvern zombies
  A gnoll sergeant (D:7)
  3 scorpions
  A howler monkey (D:5)
  4 hounds
  3 jellies (D:6)
  3 giant frog skeletons
  Ijyb (D:2)
  A worker ant (D:4)
  A sheep (D:8)
  A hound zombie (D:6)
  10 gnolls
  8 adders
  2 shadow imps
  2 oozes (D:3)
  A worm (D:5)
  2 dart slugs (D:2)
  6 giant geckos
  16 orcs
  7 giant cockroaches
  10 hobgoblins
  11 jackals
  12 kobolds
  3 quokkas
  2 ball pythons
  9 bats
  A giant cockroach zombie (D:5)
  7 giant newts
  9 goblins
  9 rats
164 creatures vanquished.

Vanquished Creatures (others)
  A giant newt (D:5)
1 creature vanquished.

Grand Total: 165 creatures vanquished

Notes
Turn   | Place    | Note
--------------------------------------------------------------
     0 | D:1      | nikopol the Minotaur Berserker began the quest for the Orb.
     0 | D:1      | Reached XP level 1. HP: 19/19 MP: 0/0
    79 | D:1      | Reached XP level 2. HP: 18/26 MP: 1/1
   352 | D:1      | Reached ** piety under Trog
   583 | D:2      | Reached XP level 3. HP: 31/33 MP: 2/2
   838 | D:2      | Noticed Ijyb
   849 | D:2      | Killed Ijyb
   849 | D:2      | Reached XP level 4. HP: 40/40 MP: 3/3
  1472 | D:3      | Reached *** piety under Trog
  1479 | D:3      | Reached XP level 5. HP: 38/47 MP: 4/4
  1699 | D:3      | Noticed Sigmund
  1708 | D:3      | Killed Sigmund
  1708 | D:3      | Reached skill level 5 in Fighting
  1708 | D:3      | Reached skill level 5 in Axes
  1708 | D:3      | Reached XP level 6. HP: 56/56 MP: 5/5
  1763 | D:3      | Noticed Allar's ghost (amateur GrWz)
  1772 | D:3      | Killed Allar's ghost
  1886 | D:3      | Noticed Grinder
  1894 | D:3      | Killed Grinder
  1894 | D:3      | Reached skill level 5 in Armour
  1894 | D:3      | Reached XP level 7. HP: 30/62 MP: 6/6
  2407 | D:4      | Reached skill level 5 in Dodging
  2663 | D:4      | Reached **** piety under Trog
  2722 | D:5      | Entered Level 5 of the Dungeon
  2835 | D:5      | Received a gift from Trog
  3103 | D:5      | Found a stormy altar of Qazlal.
  3160 | D:5      | Reached XP level 8. HP: 71/71 MP: 7/7
  3800 | D:6      | Found a staircase to the Ecumenical Temple.
  4075 | D:6      | Reached skill level 1 in Bows
  4602 | D:7      | Reached XP level 9. HP: 81/81 MP: 8/8
  5293 | D:8      | Found a staircase to the Lair.
  5297 | D:8      | Noticed an elephant
  5317 | D:8      | Killed an elephant
  5350 | D:7      | HP: 2/81 [killer bee (5)]
  5350 | D:7      | Slain by a killer bee

Skill      XL: |  1  2  3  4  5  6  7  8  9 |
---------------+----------------------------+-----
Armour         | 3 4 5 6 7 |  7.7
Axes           | 4 5 6 7 8 |  8.5
Dodging        | 3 4 5 6 7 |  7.0
Fighting       | 4 5 6 7 8 |  8.2
Bows           | 2 3 |  3.8

Action                   |  1- 3 |  4- 6 |  7- 9 || total
-------------------------+-------+-------+-------++-------
Melee: Hand axe          |    78 |    70 |   212 ||   360
       Headbutt          |     5 |    16 |    54 ||    75
 Fire: Shortbow          |       |       |    46 ||    46
Invok: Berserk           |     1 |     3 |       ||     4
       Burn Spellbooks   |       |       |     3 ||     3
  Eat: Chunk             |       |     7 |    11 ||    18
Armor: Leather armour    |    10 |     4 |       ||    14
       Animal skin       |     1 |       |       ||     1
       Ring mail         |       |    14 |    80 ||    94
Dodge: Dodged            |    71 |    36 |   162 ||   269
